AoeStats
← DKing

Fortress

509468826Analyzed
4v4 RM · 6d ago on Sep 26, 2026· 44m 10s· 8 players
Game mode
Random Map
Map size
Huge
Population
200
Speed
Normal
Resources
Standard
Victory
Conquest
Starting age
Dark Age
Ending age
Imperial Age
RankedLock teamsTeams togetherTeam positionsShared explorationLock speedFull tech treeHidden civsTurbo modeCheats
Victory
Defeat
🇲🇽 Magyars · Mexico
1364
+14
🇪🇸 Bohemians · Spain
1363
+14
🇵🇹 Mongols · Portugal
1234
+19
🇦🇷 Vietnamese · Argentina
1215
+20
🇩🇪 Celts · Germany
1347
-18
🇨🇴 Poles · Colombia
1334
-18
🇧🇷 Wei · Brazil
1294
-16
1267
-15
eletronvalente
6:24 Feudal Age
11:55 Castle Age
10:01 Double-Bit Axe
11:12 Horse Collar
14:54 Loom
15:59 Scale Mail Armor
16:44 Forging
19:06 Town Watch
19:50 Heavy Plow
22:15 Wheelbarrow
26:25 Imperial Age
24:25 Scale Barding Armor
26:20 Iron Casting
26:05 Chain Barding Armor
26:01 Chain Mail Armor
25:55 Fletching
27:27 Bow Saw
27:39 Bloodlines
27:29 Husbandry
26:50 Heavy Hei Guang Cavalry
27:44 Padded Archer Armor
29:55 Hand Cart
31:27 Crop Rotation
31:50 Light Cavalry
33:00 Gold Mining
33:00 Stone Mining
34:12 Blast Furnace
33:08 Bodkin Arrow
33:52 Thumb Ring
33:23 Hussar
35:22 Chemistry
34:43 Ballistics
35:07 Conscription
36:00 Coinage
35:41 Caravan
36:21 Parthian Tactics
36:23 Elite Skirmisher
42:40 Fortified Wall
42:26 Murder Holes
kevinpaz6665
4:10 Loom
4:59 Loom
7:42 Feudal Age
8:15 Double-Bit Axe
8:11 Horse Collar
11:21 Castle Age
13:18 Light Cavalry
14:19 Scale Barding Armor
22:41 Forging
22:20 Town Watch
24:45 Wheelbarrow
26:32 Szlachta Privileges
27:25 Bloodlines
27:22 Gold Mining
29:09 Chain Barding Armor
30:14 Bow Saw
30:04 Heavy Plow
29:32 Crossbowman
31:18 Hand Cart
30:39 Crossbowman
31:40 Fletching
32:57 Bodkin Arrow
33:03 Padded Archer Armor
35:13 Leather Archer Armor
37:35 Iron Casting
42:57 Thumb Ring
Thronx
8:05 Feudal Age
11:36 Castle Age
11:06 Double-Bit Axe
12:41 Bow Saw
12:39 Horse Collar
13:20 Heavy Plow
19:21 Wheelbarrow
21:23 Gold Mining
21:27 Stone Mining
22:26 Hand Cart
25:32 Imperial Age
23:17 Loom
23:20 Town Watch
23:30 Pikeman
24:12 Scale Mail Armor
24:22 Forging
24:51 Gold Shaft Mining
24:52 Stone Shaft Mining
25:42 Chain Mail Armor
25:48 Halberdier
26:47 Onager
29:41 Furor Celtica
30:50 Plate Mail Armor
31:24 Arson
31:11 Siege Onager
32:27 Capped Ram
35:44 Iron Casting
35:41 Coinage
37:30 Masonry
37:26 Siege Engineers
38:34 Blast Furnace
38:36 Fortified Wall
38:32 Siege Ram
42:18 Banking
っ◔◡◔)っ ♥Slop Daddy♥
2:01 Loom
8:10 Feudal Age
12:08 Castle Age
10:41 Double-Bit Axe
12:07 Loom
13:20 Bow Saw
12:55 Horse Collar
13:20 Squires
14:41 Wheelbarrow
15:39 Stone Mining
15:42 Gold Mining
23:53 Fortified Wall
25:22 Scale Barding Armor
25:52 Elite Skirmisher
27:40 Thumb Ring
28:22 Husbandry
28:35 Bloodlines
31:40 Imperial Age
30:23 Fletching
30:33 Padded Archer Armor
30:54 Chain Barding Armor
30:45 Forging
30:11 Light Cavalry
30:45 Town Watch
31:40 Ballistics
32:11 Masonry
33:44 Two-Man Saw
32:51 Cavalier
33:29 Bodkin Arrow
33:51 Leather Archer Armor
33:32 Bodkin Arrow
37:07 Conscription
36:47 Hussar
39:50 Plate Barding Armor
39:50 Iron Casting
39:46 Ring Archer Armor
39:17 Bracer
43:13 Paladin
44:56 Blast Furnace
RedKing
6:51 Feudal Age
7:36 Double-Bit Axe
12:08 Castle Age
11:09 Horse Collar
11:20 Gold Mining
14:24 Scale Barding Armor
14:46 Loom
20:51 Wheelbarrow
21:19 Fletching
21:29 Padded Archer Armor
22:06 Bodkin Arrow
22:20 Thumb Ring
22:51 Town Watch
23:49 Hand Cart
25:45 Leather Archer Armor
29:59 Imperial Age
29:46 Ballistics
30:02 Heavy Cavalry Archer
30:43 Bracer
31:46 Ring Archer Armor
33:01 Parthian Tactics
34:41 Chemistry
34:32 Conscription
37:24 Recurve Bow
38:16 Husbandry
38:27 Bloodlines
39:20 Siege Engineers
40:30 Corvinian Army
mano
7:08 Feudal Age
8:06 Loom
12:20 Castle Age
10:55 Double-Bit Axe
13:18 Bow Saw
13:55 Wheelbarrow
13:03 Horse Collar
19:26 Heavy Plow
20:08 Hand Cart
25:10 Imperial Age
22:57 Scale Mail Armor
23:07 Forging
24:27 Chemistry
24:52 Chain Mail Armor
25:13 Iron Casting
25:05 Pikeman
25:45 Squires
27:30 Two-Man Saw
26:05 Halberdier
27:16 Plate Mail Armor
29:20 Blast Furnace
28:58 Arson
30:13 Houfnice
33:19 Siege Engineers
33:52 Fletching
34:13 Masonry
34:49 Town Watch
44:24 Bodkin Arrow
45:00 Architecture
DKing
6:42 Feudal Age
7:07 Feudal Age
8:17 Double-Bit Axe
10:48 Castle Age
9:02 Horse Collar
13:35 Bow Saw
16:27 Loom
17:19 Wheelbarrow
17:43 Town Watch
19:53 Heavy Plow
21:08 Hand Cart
21:27 Gold Mining
23:15 Fletching
28:27 Imperial Age
27:27 Bodkin Arrow
27:33 Padded Archer Armor
29:41 Bracer
30:05 Ballistics
30:46 Chemistry
29:13 Capped Ram
29:35 Light Cavalry
30:25 Bloodlines
30:16 Husbandry
30:55 Conscription
30:55 Drill
30:22 Siege Ram
30:40 Hussar
33:11 Forging
33:07 Scale Barding Armor
35:26 Iron Casting
35:12 Chain Barding Armor
39:57 Blast Furnace
39:13 Leather Archer Armor
40:21 Elite Steppe Lancer
42:13 Hoardings
42:12 Elite Mangudai
44:10 Nomads
44:13 Scale Mail Armor
43:34 Pikeman
44:14 Squires
43:35 Man-at-Arms
Vilkian
8:02 Feudal Age
8:59 Loom
10:37 Double-Bit Axe
13:05 Castle Age
10:53 Horse Collar
14:35 Wheelbarrow
14:15 Bow Saw
14:10 Heavy Plow
15:27 Stone Mining
15:28 Gold Mining
22:07 Hand Cart
22:03 Fletching
26:23 Imperial Age
24:23 Ballistics
25:18 Thumb Ring
25:09 Bodkin Arrow
25:15 Padded Archer Armor
25:36 Masonry
25:52 Elite Skirmisher
26:49 Leather Archer Armor
27:11 Bracer
28:17 Chemistry
28:31 Two-Man Saw
28:49 Ring Archer Armor
28:20 Scale Mail Armor
27:42 Pikeman
28:23 Squires
29:52 Forging
32:07 Hoardings
31:51 Chain Mail Armor
31:46 Scale Barding Armor
31:52 Bloodlines
31:44 Husbandry
32:01 Light Cavalry
33:02 Chain Barding Armor
33:19 Iron Casting
32:21 Elite Rattan Archer
35:19 Plate Barding Armor
37:30 Halberdier
43:15 Chain Mail Armor
Connection lost

Rejoining the realm…

Still unreachable

The connection could not be restored.

Session expired

The server has moved on; the page needs a fresh start.